 Dungeon Crawl Stone Soup version 0.25.0-9-g26727b657a (webtiles) character file.

Game seed: 10558496751226334406

126 funkygono the Digger (level 5, -11/30 HPs)
             Began as a Gargoyle Earth Elementalist on June 20, 2020.
             Killed from afar by an orc wizard (12 damage)
             ... with a puff of frost
             ... on level 2 of the Dungeon.
             The game lasted 00:03:35 (1771 turns).

funkygono the Digger (Gargoyle Earth Elementalist)  Turns: 1771, Time: 00:03:36

Health: -11/30     AC:  9    Str: 16    XL:     5   Next: 10%
Magic:  3/8        EV: 11    Int: 16    God:
Gold:   58         SH:  0    Dex: 10    Spells: 3/9 levels left

rFire    . . .     SeeInvis .   g - +0 club
rCold    . . .     Gourm    .   (no shield)
rNeg     + . .     Faith    .   a - +0 ring mail
rPois    ∞         Spirit   .   (no helmet)
rElec    +         Reflect  .   (no cloak)
rCorr    .         Harm     .   (no gloves)
MR       .....                  (no boots)
Stlth    +.........             i - amulet of magic regeneration
HPRegen  0.10/turn              (no ring)
MPRegen  0.36/turn              (no ring)

@: very slightly contaminated
A: negative energy resistance 1, robust 1, electricity resistance, strong 2,
wild magic 1, unbreathing, petrification resistance, rot immunity, AC +4
a: no special abilities


You were on level 2 of the Dungeon.
You were not hungry.

You visited 1 branch of the dungeon, and saw 3 of its levels.

You collected 58 gold pieces.

Inventory:

Hand Weapons
 g - a +0 club (weapon)
Missiles
 b - 16 stones (quivered)
Armour
 a - a +0 ring mail (worn)
 c - a +0 robe
Jewellery
 i - an amulet of magic regeneration (around neck)
Scrolls
 e - a scroll of teleportation {unknown}
 f - 2 scrolls of remove curse
 h - 3 scrolls of magic mapping
Potions
 j - a potion of curing
 k - a potion of brilliance {unknown}
 l - a potion of mutation
Comestibles
 d - 3 rations


   Skills:
 + Level 0.2 Fighting
 + Level 1.2 Maces & Flails
 + Level 2.9 Armour
 + Level 1.8 Dodging
 + Level 2.3 Stealth
 + Level 2.5 Spellcasting
 + Level 0.7 Transmutations
 + Level 4.6 Earth Magic


You had 3 spell levels left.
You knew the following spells:

 Your Spells              Type           Power        Failure   Level  Hunger
a - Sandblast             Erth           ###...       9%          1    #......
b - Passwall              Tmut/Erth      ##......     26%         2    ##.....
c - Stone Arrow           Conj/Erth      ##....       47%         3    ###....

Your spell library contained the following spells:

 Spells                   Type           Power        Failure   Level  Hunger
 Petrify                  Tmut/Erth      ##......     83%         4    #####..
 Lee's Rapid Deconstruct  Erth           ###.......   88%         5    ######.


Dungeon Overview and Level Annotations

Branches:
Dungeon (3/15)

Altars:
Wu Jian
Xom


Innate Abilities, Weirdness & Mutations

You are resistant to torment.
Your stone body is resilient. (AC +4)
You are immune to poison.
You resist negative energy. (rN+)
You are resistant to electric shocks. (rElec)
You can survive without breathing.
You are immune to petrification.
You are immune to rotting.
You are robust. (+10% HP)
Your muscles are very strong. (Str +4)
Your spells are a little harder to cast, but a little more powerful.


Message History

The orc wizard misses you.
The orc wizard looks braver for a moment.
Casting: Sandblast (safe; 6% risk of failure)
Confirm with . or Enter, or press ? or * to list all spells.
Aiming: Sandblast (safe; 6% risk of failure)
Press: ? - help, Shift-Dir - straight line, f/p - orc wizard
Aim: an orc wizard, wielding a +0 dagger and wearing a cursed +0 robe (severely wounded, fast)
The blast of sand hits the orc wizard but does no damage.
The orc wizard is severely wounded.
b - 16 stones The orc wizard casts a spell at you.
The magic dart hits you.
* * * LOW HITPOINT WARNING * * *
An orc comes into view. It is wielding a +0 whip.
It was a potion of mutation.
You feel extremely strange.
You feel stronger. x2; You feel less in control of your magic.
You feel robust.
The orc shouts!
The orc wizard points at you and mumbles some strange words.
The puff of frost hits you!
You die...

#.#..# #.# #.#.## #.#
#.#.# #.# #.#.######.#
#####....))....########
...####.###...........<
##.# #.# ##.##########
#.# #.####.######## #.#
#.........@o..# #.#
######.######o# #.# #.#
#.# #.# #.# #.# #.##
#.# ##.#######.# #..##
#.# #..o.>..o... #...#
#.# #..#####.#o# ##.##
#. #..# #.# #.# #...
###.#.# ###


You could see an orc wizard (fast) and an orc.

Vanquished Creatures
  An orc wizard (D:2)
  An orc priest (D:2)
  3 gnolls (D:2)
  An adder (D:2)
  An ooze (D:2)
  A dart slug (D:2)
  3 giant cockroaches
  2 goblins
  6 hobgoblins
  A quokka (D:2)
  A bat (D:1)
  2 frilled lizards (D:2)
  3 kobolds
26 creatures vanquished.

Notes
Turn   | Place    | Note
-------+----------+-------------------------------------------
     0 | D:1      | funkygono the Gargoyle Earth Elementalist began the quest
                  | for the Orb.
     0 | D:1      | Reached XP level 1. HP: 10/10 MP: 3/3
   438 | D:1      | Reached skill level 4 in Earth Magic
   624 | D:1      | Reached XP level 2. HP: 13/15 MP: 3/5
   628 | D:1      | Learned a level 2 spell: Passwall
   925 | D:2      | You fall into a shaft and drop 1 floor!
   928 | D:3      | Noticed a scorpion
   931 | D:2      | Found an ornate altar of the Wu Jian Council.
  1213 | D:2      | Reached skill level 1 in Armour
  1231 | D:2      | Found a shimmering altar of Xom.
  1270 | D:2      | Reached XP level 3. HP: 19/19 MP: 3/6
  1275 | D:2      | Learned a level 3 spell: Stone Arrow
  1597 | D:2      | Reached XP level 4. HP: 14/24 MP: 1/7
  1762 | D:2      | Reached skill level 1 in Maces & Flails
  1765 | D:2      | Reached XP level 5. HP: 5/28 MP: 2/8
  1770 | D:2      | HP: 1/28 [orc wizard/magic dart (6)]
  1771 | D:2      | Gained mutation: Your muscles are strong. (Str +2) [potion
                  | of mutation]
  1771 | D:2      | Gained mutation: Your muscles are very strong. (Str +4)
                  | [potion of mutation]
  1771 | D:2      | Gained mutation: Your spells are a little harder to cast,
                  | but a little more powerful. [potion of mutation]
  1771 | D:2      | Gained mutation: You are robust. (+10% HP) [potion of
                  | mutation]
  1771 | D:2      | Killed from afar by an orc wizard

Illustrated notes

Levels and vault maps discovered:
D:1:      dpeg_arrival_rooms_a, layout_basic
D:2:      layout_loops_ring, overflow_temple_1_default, lemuel_crystal_altar
D:3:      layout_basic, serial_bayou, serial_bayou_pond_d, serial_bayou_pond_e,
          serial_bayou_ford_a, serial_bayou_pond_c

Skill      XL: |  1  2  3  4 |
---------------+-------------+-----
Earth Magic    | 4 |  4.6
Armour         | 1 2 |  2.9
Maces & Flails | 1 |  1.2
Fighting       | |  0.2
Dodging        | |  1.8
Stealth        | |  2.3
Spellcasting   | |  2.5
Transmutations | |  0.7

Action                   |  1- 3 |  4- 6 || total
-------------------------+-------+-------++-------
Melee: Club              |    92 |    13 ||   105
 Cast: Sandblast         |    22 |    13 ||    35
  Use: Scroll            |     5 |       ||     5
       Potion            |       |     2 ||     2
  Eat: Chunk             |     2 |       ||     2
       Ration            |       |     1 ||     1
Armor: Ring mail         |    52 |     6 ||    58
Dodge: Dodged            |    54 |    11 ||    65
